 Dungeon Crawl Stone Soup version 0.29.1-1-gd02db6906a (webtiles) character file.

Game seed: 817505443446388132

486 HeroicFeet the Conjurer (level 6, -2/47 HPs)
             Began as a Demigod Conjurer on Oct 21, 2022.
             Slain by a gnoll sergeant
             ... wielding a +5 trident of protection
              (7 damage)
             ... on level 3 of the Dungeon.
             The game lasted 00:15:51 (4544 turns).

HeroicFeet the Conjurer (Demigod Conjurer)          Turns: 4544, Time: 00:15:52

Health: -2/47      AC:  5    Str:  8    XL:     6   Next: 57%
Magic:  5/14       EV: 10    Int: 28    God:
Gold:   113        SH:  5    Dex: 12    Spells: 0/11 levels left

rFire   + . .      SeeInvis .   h - +0 dagger
rCold   . . .      Faith    .   (no shield)
rNeg    . . .      Spirit   .   l - +0 ring mail {rF+}
rPois   .          Reflect  +   (no helmet)
rElec   .          Harm     .   (no cloak)
rCorr   .          Rampage  .   (no gloves)
Will    .....                   (no boots)
Stlth   ++........              m - amulet of reflection
HPRegen 0.15/turn               e - ring of flight
MPRegen 0.14/turn               (no ring)

@: flying
A: high MP 1, forlorn, divine attributes, talons 1
a: no special abilities


You were on level 3 of the Dungeon.
You visited 1 branch of the dungeon, and saw 3 of its levels.

You collected 113 gold pieces.

Inventory:

Hand Weapons
 h - a +0 dagger (weapon)
Armour
 a - a +0 robe
 d - a +0 leather armour
 l - a +0 ring mail of fire resistance (worn)
Jewellery
 e - a ring of flight (left hand)
 m - an amulet of reflection (around neck)
Scrolls
 c - 2 scrolls of blinking
 j - 2 scrolls of immolation
 k - a scroll of poison
 o - a scroll of identify
 r - a scroll of enchant armour
Potions
 b - a potion of magic
 f - a potion of lignification


   Skills:
 - Level 1.0 Fighting
 + Level 1.9 Armour
 + Level 2.8 Dodging
 + Level 3.3 Stealth
 + Level 3.4 Spellcasting
 + Level 5.1 Conjurations


You couldn't memorise any spells.
You knew the following spells:

 Your Spells              Type           Power      Damage    Failure   Level
a - Magic Dart            Conj           100%       1d8       2%          1
b - Searing Ray           Conj           66%        2d6       4%          2
c - Fulminant Prism       Conj/Hex       9%         3d7       63%         4
d - Iskenderun's Mystic   Conj/Tloc      19%        2d6       63%         4

Your spell library contained the following spells:

 Spells                   Type           Power      Damage    Failure   Level
 Dazzling Flash           Conj/Hex       38%        N/A       24%         3


Dungeon Overview and Level Annotations

Branches:
Dungeon (3/15)

Shops:
D:1 ?


Innate Abilities, Weirdness & Mutations

You have an increased reservoir of magic. (+10% MP)
You shall have no god before yourself.
Your divine heritage dramatically boosts your attributes as you level up.
You have sharp toenails.


Message History

Casting: Magic Dart (safe; 2% risk of failure)
Confirm with . or Enter, or press ? or * to list all spells.
Aiming: Searing Ray (safe; 4% risk of failure)
Press: ? - help, Shift-Dir - straight line, f - gnoll sergeant
Aim: a gnoll sergeant, wielding a +5 trident of protection and wearing a +0 scale mail (86% to hit)
The searing ray hits the gnoll sergeant.
The gnoll sergeant is lightly wounded. (Press . to maintain the ray.)
You block the gnoll sergeant's attack.
The searing ray hits the gnoll sergeant but does no damage.
The gnoll sergeant is lightly wounded.
The gnoll sergeant barely misses you.
The searing ray misses the gnoll sergeant.
The gnoll sergeant hits you from afar with a +5 trident of protection!
The searing ray hits the gnoll sergeant but does no damage.
The gnoll sergeant is lightly wounded.
You finish channelling your searing ray.
The gnoll sergeant hits you from afar with a +5 trident of protection!
Casting: Searing Ray (safe; 4% risk of failure)
Confirm with . or Enter, or press ? or * to list all spells.
Aiming: Searing Ray (safe; 4% risk of failure)
Press: ? - help, Shift-Dir - straight line, f/p - gnoll sergeant
Aim: a gnoll sergeant, wielding a +5 trident of protection and wearing a +0 scale mail (lightly wounded, 86% to hit)
The searing ray hits the gnoll sergeant but does no damage.
The gnoll sergeant is lightly wounded. (Press . to maintain the ray.)
The gnoll sergeant barely misses you.
The searing ray hits the gnoll sergeant but does no damage.
The gnoll sergeant is lightly wounded.
The gnoll sergeant hits you from afar with a +5 trident of protection.
The searing ray hits the gnoll sergeant!
The gnoll sergeant is heavily wounded.
The gnoll sergeant hits you from afar with a +5 trident of protection.
The searing ray misses the gnoll sergeant.
You finish channelling your searing ray.
The gnoll sergeant hits you from afar with a +5 trident of protection!
* * * LOW HITPOINT WARNING * * *
Unknown command.
The gnoll sergeant hits you from afar with a +5 trident of protection!
You die...

.##
##)...##.##................
.#
.#.....#.##.....##.....###.
.#
.#.._..#.##.....######...(.
.#
.#.....#.##############..##
.## ..##⌠.⌠##.#
##........## ..##
.#####..#######..######...
...## ##...........## ####
..8.##
##.8...#################
.....#####......@.#
#............
................#)#
###.#########
...........######g##
#...####### #########.###
#..## ###.......# #...#
##..# #######.. ###.## ##.#
#....#. #..# #.# ####....##
##.# #.####.(.......
#.######.##...##....##


You could see a gnoll sergeant.

Vanquished Creatures
  Sigmund (D:2)
  A howler monkey (D:3)
  2 orc priests (D:3)
  A hound (D:3)
  5 gnolls (D:3)
  6 adders
  3 dart slugs
  13 orcs
  3 ball pythons
  6 bats
  6 endoplasms
  3 giant cockroaches (D:2)
  3 goblins (D:1)
  7 hobgoblins
  8 jackals (D:3)
  8 kobolds
  4 quokkas
  5 frilled lizards
  A rat (D:1)
86 creatures vanquished.

Vanquished Creatures (others)
  3 plants (D:3)
3 creatures vanquished.

Grand Total: 89 creatures vanquished

Notes
Turn   | Place    | Note
-------+----------+-------------------------------------------
     0 | D:1      | HeroicFeet the Demigod Conjurer began the quest for the
                  | Orb.
     0 | D:1      | Reached XP level 1. HP: 14/14 MP: 5/5
   466 | D:1      | Found Lybbao's Magic Scroll Shop.
   537 | D:1      | Reached XP level 2. HP: 20/20 MP: 4/7
   837 | D:1      | Reached skill level 4 in Conjurations
   980 | D:1      | Learned a level 2 spell: Searing Ray
  1400 | D:2      | Reached XP level 3. HP: 26/26 MP: 2/8
  2012 | D:2      | Noticed Sigmund
  2045 | D:2      | Reached XP level 4. HP: 33/33 MP: 5/10
  2128 | D:2      | Killed Sigmund
  2129 | D:2      | Reached skill level 1 in Armour
  2129 | D:2      | Reached XP level 5. HP: 39/39 MP: 3/12
  3573 | D:3      | Reached skill level 1 in Fighting
  3573 | D:3      | Reached XP level 6. HP: 42/47 MP: 2/13
  3961 | D:3      | Reached skill level 5 in Conjurations
  4207 | D:3      | Learned a level 4 spell: Fulminant Prism
  4212 | D:3      | Learned a level 4 spell: Iskenderun's Mystic Blast
  4485 | D:2      | Gained mutation: You have sharp toenails. [potion of
                  | mutation]
  4544 | D:3      | Slain by a gnoll sergeant

Illustrated notes

Levels and vault maps discovered:
D:1:      minmay_arrival_loop, layout_basic, serial_shops,
          nicolae_shop_waterfront
D:2:      minmay_general_purpose_star, layout_loops_corners,
          shapermc_ecumenical_altar_gd, basic_altar, minmay_misc_feat_tower,
          amcnicky_mini_pool_small, minivault_24, minmay_pentomino_x4,
          uniq_sigmund
D:3:      lemuel_castle_with_subvaults [lemuel_castle_interior_carwin_2],
          layout_rooms, nicolae_overflow_ecumenical_swirl

Skill      XL: |  1  2  3  4  5  6 |
---------------+-------------------+-----
Spellcasting   | 2 3 |  3.4
Stealth        | 2 3 |  3.3
Conjurations   | 4 5 |  5.1
Dodging        | 2 |  2.8
Armour         | 1 |  1.9
Fighting       | 1 |  1.0

Action                   |  1- 3 |  4- 6 || total
-------------------------+-------+-------++-------
Melee: Unarmed           |     9 |       ||     9
       Dagger            |     1 |    10 ||    11
 Cast: Magic Dart        |    74 |   124 ||   198
       Searing Ray       |     2 |     7 ||     9
  Use: Potion            |       |     5 ||     5
       Scroll            |       |     6 ||     6
 Stab: Sleeping          |     2 |       ||     2
Armor: Robe              |     3 |       ||     3
       Leather armour    |       |     8 ||     8
Dodge: Dodged            |    12 |    16 ||    28
Block: Other             |       |     1 ||     1
